[Event "*** Titled Tuesday Blitz"]
[Site "Chess.com"]
[Date "2020.12.01"]
[Round "4"]
[White "Synctel"]
[Black "politeplayer"]
[Result "0-1"]
[WhiteElo "1996"]
[BlackElo "2251"]
[TimeControl "180+1"]
[EndTime "10:37:49 PST"]
[Termination "politeplayer won on time"]

1. e4 c5 2. Ne2 Nc6 3. d4 cxd4 4. Nxd4 g6 5. c4 Bg7 6. Be3 Nf6 7. Nc3 O-O 8. Be2 d6 9. O-O Bd7 10. f3 Nxd4 11.
Bxd4 a5 12. Qd2 Bc6 13. Rfd1 Nd7 14. Bxg7 Kxg7 15. Nd5 Bxd5 16. Qxd5 Qb6+ 17. Qd4+ Qxd4+ 18. Rxd4 Rfc8 19. b3 g5 20. g3 a4 21. b4 a3 22. c5 Ne5 23. cxd6 exd6 24. Rxd6 Rc2 25. Kf1 Rac8 26. f4 gxf4 27. gxf4 Ng6 28. f5 Nf4 29. Bg4 Rxh2 30. f6+ Kh6 31. Bxc8 Rh1+ 32. Kf2 Rxa1 33. Bxb7 Rxa2+ 34. Kg3 Nh5+ 35. Kf3 Ra1 0-1

[Event "*** Titled Tuesday Blitz"]
[Site "Chess.com"]
[Date "2020.12.01"]
[Round "4"]
[White "Perecke"]
[Black "Gurvich_Vitaly"]
[Result "0-1"]
[WhiteElo "2388"]
[BlackElo "2605"]
[TimeControl "180+1"]
[EndTime "10:37:50 PST"]
[Termination "Gurvich_Vitaly won by resignation"]

1. e4 e5 2. Nf3 Nc6 3. Bb5 a6 4. Ba4 Nf6 5. O-O b5 6. Bb3 Be7 7. Re1 O-O 8. d4 d6 9. c3 Bb7 10. Nbd2 Re8 11. Ng5 Rf8 12. Ngf3 Qd7 13. Nf1 exd4 14.
cxd4 Na5 15. Bc2 d5 16. e5 Ne4 17. Ng3 Nc4 18. b3 Nb6 19. Be3 f5 20. exf6 Bxf6 21.
Ne5 Qe6 22. Ng4 Rae8 23. Nxf6+ Qxf6 24. Nxe4 dxe4 25. b4 Bd5 26. Bb3 c6 27. Qc1 Re6 28.
Qc5 Nc4 29. Rf1 Qg6 30. a4 Ref6 31. axb5 axb5 32. Bxc4 Bxc4 33. Rfc1 Bd5 34. Ra8 Rxa8 0-1

[Event "*** Titled Tuesday Blitz"]
[Site "Chess.com"]
[Date "2020.12.01"]
[Round "4"]
[White "esskeettit"]
[Black "Enriquack"]
[Result "1-0"]
[WhiteElo "2444"]
[BlackElo "2271"]
[TimeControl "180+1"]
[EndTime "10:37:51 PST"]
[Termination "esskeettit won by resignation"]

1. d4 Nf6 2. c4 g6 3. Nf3 Bg7 4. e3 O-O 5. Be2 c5 6. O-O cxd4 7. exd4 d5 8. c5 Nc6 9. Nc3 b6 10. cxb6 axb6 11. Qb3 Na5 12. Qd1 Ne4 13. Be3 Nxc3 14.
bxc3 Ba6 15. Rb1 Bxe2 16. Qxe2 Nc4 17. Bf4 Ra3 18. Rb3 Qa8 19. Qxe7 Rxa2 20. h4 Re8 21. Qd7 Ree2 22. Ng5 Qe8 23. Qxd5 Nd2 24. Bxd2 Raxd2 25. Rxb6 Re1 26. Rxe1 Qxe1+ 27. Kh2 Qxf2 28. Nh3 Qxh4 29.
Rb8+ Bf8 30. Qd6 1-0

[Event "*** Titled Tuesday Blitz"]
[Site "Chess.com"]
[Date "2020.12.01"]
[Round "4"]
[White "KventinKarantino"]
[Black "TheCairnTerrier"]
[Result "1-0"]
[WhiteElo "2303"]
[BlackElo "2158"]
[TimeControl "180+1"]
[EndTime "10:37:52 PST"]
[Termination "KventinKarantino won by resignation"]

1. e4 c5 2. Nf3 e6 3. d4 cxd4 4. Nxd4 Nf6 5. Nc3 d6 6. Be3 Be7 7. Qd2 O-O 8. O-O-O d5 9. g4 Nc6 10. Bd3 Nxg4 11. Rhg1 Nxe3 12. Qxe3 Nb4 13. exd5 Nxd3+ 14. Rxd3 exd5 15. Qh6 Bf6 16. Nf3 Qb6 17. Qh5 Bxc3 18. Rxc3 Qf6 19. Kb1 Bf5 20. Nh4 Bg6 21. Nxg6 hxg6 22.
Qg4 Rfe8 23. Rf3 Qe5 24. a3 Rac8 25. Rc1 Rc4 26. Qd7 Rec8 27. Qxf7+ Kh8 28. Rh3+ Qh5 29. Rxh5+ gxh5 30. Qxh5+ Kg8 31. Qxd5+ Kh8 32. Qh5+ Kg8 33. Re1 R4c5 34. Re8+ Rxe8 35. Qxe8+ Kh7 36. Qe7 Rf5 37. Qe4 a5 38. Qxf5+ 1-0

[Event "*** Titled Tuesday Blitz"]
[Site "Chess.com"]
[Date "2020.12.01"]
[Round "4"]
[White "Tssunami"]
[Black "MarcoRiehle"]
[Result "0-1"]
[WhiteElo "2415"]
[BlackElo "2677"]
[TimeControl "180+1"]
[EndTime "10:37:53 PST"]
[Termination "MarcoRiehle won by resignation"]

1. Nf3 d5 2. d4 e6 3. Bf4 Bd6 4. Bg3 c5 5. c3 Nf6 6. e3 O-O 7.
Nbd2 Nc6 8. Bd3 Re8 9. dxc5 Bxc5 10. O-O e5 11. e4 Bg4 12. b4 Bb6 13. Qc2 d4 14. b5 dxc3 15. bxc6 cxd2 16. cxb7 Rb8 17. Nxd2 Rxb7 18. Nc4 Bd4 19. Rab1 Rc7 20. Qb3 Be6 21. Qa4 Nxe4 22. Bxe5 Bxe5 23. Nxe5 Nc3 24. Qc2 Nxb1 25. Bxh7+ Kh8 26. Qxb1 Bxa2 27. Qf5 Qf6 28. Qh3 Qh6 29. Qa3 Qxh7 30. Qxa2 Rxe5 31. Qa3 Rec5 32. Qf3 Qg6 33. h3 Rc1 34. g3 Rxf1+ 35. Kxf1 Rc1+ 36. Kg2 Qc6 0-1

[Event "*** Titled Tuesday Blitz"]
[Site "Chess.com"]
[Date "2020.12.01"]
[Round "4"]
[White "skoularikii"]
[Black "leoduarte"]
[Result "0-1"]
[WhiteElo "2444"]
[BlackElo "2317"]
[TimeControl "180+1"]
[EndTime "10:37:53 PST"]
[Termination "leoduarte won by resignation"]

1. e4 c5 2. Nf3 e6 3. d4 cxd4 4. Nxd4 Nc6 5. Nc3 Qc7 6. Be2 a6 7. O-O Nf6 8. Kh1 Nxd4 9. Qxd4 Bc5 10. Qd3 b5 11. f4 h5 12. Qg3 Ng4 13. Bxg4 hxg4 14. Qxg4 Bb7 15. Bd2 O-O-O 16. Rae1 g5 17. a3 f5 18. exf5 Rh4 19. Qg3 Rdh8 20. fxe6 Rh3 21. e7 Bxe7 22. Rxe7 Rxg3 23. Rfe1 Bxg2+ 24. Kg1 Qc5+ 25. Be3 Qxe7 26. hxg3 Rh1+ 27. Kxg2 Rxe1 0-1

[Event "*** Titled Tuesday Blitz"]
[Site "Chess.com"]
[Date "2020.12.01"]
[Round "4"]
[White "enriquebutti"]
[Black "underdogchss"]
[Result "1-0"]
[WhiteElo "2052"]
[BlackElo "2353"]
[TimeControl "180+1"]
[EndTime "10:37:53 PST"]
[Termination "enriquebutti won on time"]

1. d4 Nf6 2. Nf3 d5 3. c4 e6 4. e3 Be7 5. Nc3 O-O 6. b3 b6 7.
Bb2 Bb7 8. Bd3 Nbd7 9. O-O c5 10. Qe2 cxd4 11. exd4 Re8 12. Rad1 Bf8 13. Ne5 g6 14. f4 Bg7 15. Kh1 a6 16. cxd5 Nxd5 17. Nxd5 exd5 18.
f5 Nf6 19. fxg6 fxg6 20. Bc1 Ne4 21. Bxe4 dxe4 22. Bf4 Qd5 23. Qe3 Rf8 24. Ng4 Rad8 25. Bh6 Rxf1+ 26. Rxf1 Qxd4 27. Qf4 Qd7 28. Nf6+ Bxf6 29.
Qxf6 1-0

[Event "*** Titled Tuesday Blitz"]
[Site "Chess.com"]
[Date "2020.12.01"]
[Round "4"]
[White "AquivaRubinstein"]
[Black "ajkom197"]
[Result "1/2-1/2"]
[WhiteElo "2493"]
[BlackElo "2336"]
[TimeControl "180+1"]
[EndTime "10:37:54 PST"]
[Termination "Game drawn by repetition"]

1. e4 c6 2. d4 d5 3. Nc3 dxe4 4.
Nxe4 Nf6 5. Nxf6+ exf6 6. c3 Bd6 7. Bd3 O-O 8. Qc2 Re8+ 9. Ne2 h5 10. O-O Qc7 11. h3 Nd7 12. Bd2 Nf8 13. Rfe1 Be6 14. c4 Rad8 15. b4 b6 16. c5 Be7 17. Nf4 Rxd4 18.
Nxh5 g6 19. Ng3 f5 20. Bc3 Rdd8 21. Bb2 Nh7 22. Bc4 Bxc4 23. Qxc4 Bf6 24. Bxf6 Nxf6 25.
cxb6 axb6 26. Rxe8+ Rxe8 27. Rc1 Re6 28. Ne2 b5 29. Qd3 Qe7 30. Nd4 Re1+ 31. Rxe1 Qxe1+ 32.
Kh2 Qxf2 33. Nxc6 Qxa2 34. Qxb5 Qd2 35. Qb8+ Kg7 36. Qe5 Qd5 37. Qxd5 Nxd5 38. b5 g5 39.
Kg3 Kg6 40. Kf3 Nb6 41. Ke3 f4+ 42. Kd4 Kf5 43. Kc5 Na4+ 44. Kb4 Nb6 45. Kc5 Na4+ 46.
Kb4 Nb6 47. Kc5 1/2-1/2

[Event "*** Titled Tuesday Blitz"]
[Site "Chess.com"]
[Date "2020.12.01"]
[Round "4"]
[White "anpospan"]
[Black "chessmadara"]
[Result "1-0"]
[WhiteElo "2397"]
[BlackElo "2186"]
[TimeControl "180+1"]
[EndTime "10:37:54 PST"]
[Termination "anpospan won by resignation"]

1. Nf3 c5 2. b3 Nf6 3. Bb2 g6 4. d3 Bg7 5. Nbd2 O-O 6. e4 d6 7. g3 Nc6 8. Bg2 Bg4 9. O-O Qd7 10. c3 b5 11. Re1 Ne5 12. Qc2 Bxf3 13. Nxf3 c4 14. Nxe5 dxe5 15. dxc4 bxc4 16. b4 Rad8 17. Rad1 Qb7 18. h3 Rd7 19. Rxd7 Qxd7 20. Rd1 Qc7 21. Bc1 Rd8 22. Rxd8+ Qxd8 23. Qd2 Qb6 24. Qe3 Qa6 25. Qc5 h5 26. a3 Qa4 27. Bg5 Qd1+ 28. Kh2 Qd3 29. Qe3 Qd7 30. Bf1 Qa4 31. Bxc4 Qxa3 32. Qd3 Qb2 33. Kg2 e6 34. Qd8+ Kh7 35. Bxf6 1-0

[Event "*** Titled Tuesday Blitz"]
[Site "Chess.com"]
[Date "2020.12.01"]
[Round "4"]
[White "ftorodent"]
[Black "MasterKroket"]
[Result "1-0"]
[WhiteElo "2621"]
[BlackElo "2403"]
[TimeControl "180+1"]
[EndTime "10:37:55 PST"]
[Termination "ftorodent won by resignation"]

1. d4 Nf6 2. c4 e6 3. Nf3 b6 4. a3 Bb7 5. Nc3 d5 6. Bg5 Be7 7. cxd5 Nxd5 8. Bxe7 Qxe7 9. Rc1 O-O 10. e3 Rd8 11.
Nxd5 Bxd5 12. Bd3 h6 13. Qc2 c5 14. e4 Bb7 15. dxc5 bxc5 16. O-O Nc6 17. Rfd1 Nd4 18.
Nxd4 cxd4 19. Qc5 Qxc5 20. Rxc5 Rac8 21. Rdc1 Rxc5 22. Rxc5 Rd7 23. Kf1 f6 24. e5 Kf7 25.
f4 g5 26. g3 fxe5 27. fxe5 Bf3 28. Kf2 g4 29. Ke1 Ke7 30. Kd2 Rd5 31. Rxd5 Bxd5 32.
b4 Bf3 33. Bg6 Kd7 34. Kd3 a5 35. bxa5 Kc7 36. Kxd4 Be2 37. Kc5 Bd3 38. Bxd3 1-0

[Event "*** Titled Tuesday Blitz"]
[Site "Chess.com"]
[Date "2020.12.01"]
[Round "4"]
[White "Oleksandr_Bortnyk"]
[Black "Leonid_Starozhilov"]
[Result "1-0"]
[WhiteElo "2885"]
[BlackElo "2663"]
[TimeControl "180+1"]
[EndTime "10:37:56 PST"]
[Termination "Oleksandr_Bortnyk won by resignation"]

1. e4 c5 2. Nf3 e6 3. c3 d5 4. exd5 exd5 5. d4 Nc6 6. Bb5 Bd6 7. Be3 c4 8. b3 cxb3 9. axb3 Ne7 10. O-O O-O 11.
Nbd2 Bf5 12. Nh4 Be6 13. Bd3 Rc8 14. Qh5 g6 15. Qh6 Qd7 16. Rfe1 a6 17. Bf4 Rce8 18. Re3 Bxf4 19. Qxf4 f6 20. Rae1 Nc8 21. Bxg6 hxg6 22. Nxg6 Rf7 23. Rg3 Rg7 24. Qh6 Nd6 25. Qh8+ Kf7 26.
Ne5+ 1-0

[Event "*** Titled Tuesday Blitz"]
[Site "Chess.com"]
[Date "2020.12.01"]
[Round "4"]
[White "sergiochess83"]
[Black "KonstantinB_1983"]
[Result "1-0"]
[WhiteElo "2797"]
[BlackElo "2517"]
[TimeControl "180+1"]
[EndTime "10:37:56 PST"]
[Termination "sergiochess83 won by resignation"]

1. e4 c6 2. d4 d5 3. e5 Bf5 4.
Nf3 e6 5. Be2 Nd7 6. O-O Nh6 7.
Nbd2 Be7 8. Nb3 O-O 9. a4 a5 10. c3 Qb6 11. Re1 Rac8 12. Nbd2 c5 13. Bb5 Nb8 14. Nf1 Nc6 15. Ng3 Bg6 16. Bxh6 gxh6 17.
h4 h5 18. Ng5 h6 19. Nh3 Bxh4 20. Nxh5 Kh7 21. dxc5 Qxc5 22. Qg4 Be7 23. N3f4 Rg8 24. Nxg6 Rxg6 25. Bd3 Bg5 26. Bxg6+ fxg6 27. Qxe6 Rc7 28. Nf6+ Bxf6 29. exf6 Qf8 30. Rad1 d4 31. cxd4 Rf7 32.
d5 Rxf6 33. Qd7+ Rf7 34. dxc6 Rxd7 35. cxd7 1-0

[Event "*** Titled Tuesday Blitz"]
[Site "Chess.com"]
[Date "2020.12.01"]
[Round "4"]
[White "26andrej26"]
[Black "NewBornNow"]
[Result "0-1"]
[WhiteElo "2488"]
[BlackElo "2704"]
[TimeControl "180+1"]
[EndTime "10:37:56 PST"]
[Termination "NewBornNow won on time"]

1. e4 c5 2. Nf3 d6 3. d4 cxd4 4. Nxd4 Nf6 5. Nc3 Bd7 6. Bc4 e6 7. Bb3 Nc6 8. Be3 Na5 9. f4 a6 10. O-O Qc7 11. f5 Nxb3 12. cxb3 Be7 13. Rc1 Qb8 14. Qf3 O-O 15. g4 d5 16. exd5 Nxd5 17. Nxd5 exd5 18. g5 Bd6 19. Rc2 Re8 20. g6 fxg6 21.
fxg6 hxg6 22. Qf7+ Kh7 23. Rg2 Re7 24. Qxg6+ Kg8 25.
Bg5 Be8 26. Qf5 Re5 27. Qf3 Bc5 28. Be3 Qd6 29. Bf2 Bh5 30. Qf4 Rf8 31. Nf5 Rfxf5 0-1

[Event "*** Titled Tuesday Blitz"]
[Site "Chess.com"]
[Date "2020.12.01"]
[Round "4"]
[White "VinzentSpitzl"]
[Black "nikitadovbnya2008"]
[Result "0-1"]
[WhiteElo "2390"]
[BlackElo "2196"]
[TimeControl "180+1"]
[EndTime "10:37:56 PST"]
[Termination "nikitadovbnya2008 won by resignation"]

1. e4 c6 2. Nf3 d5 3. Nc3 dxe4 4. Nxe4 Nf6 5. Qe2 Nxe4 6. Qxe4 Nd7 7. Bc4 Nf6 8. Ne5 e6 9. Qe2 Bd6 10. a4 O-O 11. O-O Nd5 12. d4 f6 13. Nd3 Qe8 14. c3 Qg6 15. Bb3 Bd7 16. Bc2 Qf7 17. c4 Ne7 18.
Bf4 Nf5 19. Bxd6 Nxd6 20. Nc5 b6 21. Ne4 Nf5 22. Rad1 Rad8 23. Rfe1 Qe7 24. h3 Qb4 25. b3 Bc8 26. Qh5 g6 27. Qg4 Nxd4 28. Bb1 f5 29.
Qg5 fxe4 30. Bxe4 Qc5 31. Qh6 Ne2+ 32. Kh2 Qe5+ 33. g3 Qxe4 0-1

[Event "*** Titled Tuesday Blitz"]
[Site "Chess.com"]
[Date "2020.12.01"]
[Round "4"]
[White "MarceloPlaya"]
[Black "Klavdia_Nik"]
[Result "1-0"]
[WhiteElo "2268"]
[BlackElo "2057"]
[TimeControl "180+1"]
[EndTime "10:37:56 PST"]
[Termination "MarceloPlaya won on time"]

1. e4 e6 2. d4 d5 3. Nc3 dxe4 4.
Nxe4 Bd7 5. Bg5 Be7 6. Bxe7 Qxe7 7. Qd2 Nf6 8. Nxf6+ Qxf6 9. O-O-O Bc6 10. f3 Nd7 11. Ne2 Nb6 12. Nc3 O-O-O 13. Bb5 Bxb5 14. Nxb5 Kb8 15.
Rhe1 a6 16. Nc3 Nd5 17. Ne4 Qf4 18. Qxf4 Nxf4 19. g3 Nd5 20. c3 h6 21. Re2 c6 22. f4 Kc7 23. Rf1 Rhe8 24. Nc5 a5 25. Nd3 b5 26. Ne5 Re7 27. Rf3 Nb6 28. Rd2 Nc4 29. Nxc4 bxc4 30. Re3 g6 31. Re5 Kb6 32. Rde2 Red7 33. Kc2 Rd5 34. R5e4 h5 35. b3 cxb3+ 36. axb3 c5 37. dxc5+ Rxc5 38. Ra4 Rdd5 39. c4 Rd4 40. Kc3 Rd1 41. Rd2 Rxd2 42. Kxd2 Rf5 43. Ke3 Rc5 44. Kd4 Rc7 45. Ra2 Rd7+ 46. Ke5 1-0

[Event "*** Titled Tuesday Blitz"]
[Site "Chess.com"]
[Date "2020.12.01"]
[Round "4"]
[White "ViktoriyaTarasova"]
[Black "igorcadilhac"]
[Result "0-1"]
[WhiteElo "2295"]
[BlackElo "2462"]
[TimeControl "180+1"]
[EndTime "10:37:58 PST"]
[Termination "igorcadilhac won by resignation"]

1. d4 d5 2. c4 e6 3. Nc3 Nf6 4.
cxd5 exd5 5. Bg5 c6 6. Qc2 Be7 7. e3 Nbd7 8. Bd3 Nh5 9. Bxe7 Qxe7 10. Nge2 Nb6 11. h3 g6 12. O-O-O Ng7 13. g4 Bd7 14. Ng3 O-O-O 15. Rde1 h5 16. f3 Kb8 17. Qf2 Bc8 18. Kb1 hxg4 19. hxg4 Ne6 20. Rxh8 Rxh8 21. Rh1 Rxh1+ 22.
Nxh1 c5 23. Qg3+ Ka8 24. Ne2 cxd4 25. exd4 Qb4 26. Qg1 Qd2 27. Nf2 Qe3 28. Kc2 Nc4 29. Qc1 Qxf2 0-1

[Event "*** Titled Tuesday Blitz"]
[Site "Chess.com"]
[Date "2020.12.01"]
[Round "4"]
[White "Shuvalov"]
[Black "ecwinslow"]
[Result "1-0"]
[WhiteElo "2435"]
[BlackElo "2235"]
[TimeControl "180+1"]
[EndTime "10:37:58 PST"]
[Termination "Shuvalov won by resignation"]

1. Nf3 Nf6 2. c4 g6 3. Nc3 Bg7 4. e4 d6 5. d4 O-O 6. Be2 Bg4 7. Be3 Nfd7 8. Ng1 Bxe2 9. Ngxe2 a5 10. O-O e5 11.
Rc1 f5 12. exf5 gxf5 13. dxe5 Nxe5 14. c5 Nbc6 15. cxd6 cxd6 16. Nd5 Ng4 17. Bb6 Qh4 18. h3 Nf6 19. Nef4 Ne4 20. Ne6 Rf7 21. f3 Ng5 22. Nxg5 Qxg5 23. f4 Qg6 24. Rc2 a4 25. Re1 Kh8 26.
Rce2 a3 27. b4 Rg8 28. b5 Nb8 29. Ne7 Rxe7 30. Rxe7 Bd4+ 31. Bxd4+ Qg7 32. Rxg7 1-0

[Event "*** Titled Tuesday Blitz"]
[Site "Chess.com"]
[Date "2020.12.01"]
[Round "4"]
[White "HouseOfDurin"]
[Black "tylityli"]
[Result "0-1"]
[WhiteElo "2106"]
[BlackElo "2317"]
[TimeControl "180+1"]
[EndTime "10:37:58 PST"]
[Termination "tylityli won by resignation"]

1. d4 Nf6 2. Bg5 Ne4 3. h4 h6 4. Bf4 d5 5. Nd2 Bf5 6. Nxe4 Bxe4 7. f3 Bf5 8. e3 e6 9. Bd3 Bxd3 10. Qxd3 Nd7 11. c3 c5 12. Qb5 Qb6 13. a4 O-O-O 14. Ne2 a6 15. Qxb6 Nxb6 16. dxc5 Bxc5 17. b4 Bd6 18. a5 Nc4 19. Kf2 e5 20. Bg3 Bb8 21.
Rhe1 Ba7 22. Nc1 h5 23. Nd3 f6 24. Rad1 Kc7 25. Re2 Kc6 26. Nb2 Kb5 27. Nxc4 Kxc4 28. Rc2 Rhe8 29. Ke2 f5 30. Bf2 e4 31. f4 Re6 32. Be1 Rg6 33. g3 Rc6 34. Rb1 Kb5 35.
Bd2 Rc4 36. Rcb2 Rdc8 37. Rb3 Bb8 38. R1b2 Bd6 39. Rb1 Be7 40. R1b2 Bf6 41. Rb1 Bxc3 42. Bxc3 Rxc3 43. Rxc3 Rxc3 44. Rd1 Kc6 45. Rd4 Rc4 46. Kd2 Rxd4+ 47. exd4 Kb5 48. Kc3 Ka4 49. g4 fxg4 0-1

[Event "*** Titled Tuesday Blitz"]
[Site "Chess.com"]
[Date "2020.12.01"]
[Round "4"]
[White "Vandros57"]
[Black "ulkaf961"]
[Result "1-0"]
[WhiteElo "2160"]
[BlackElo "2259"]
[TimeControl "180+1"]
[EndTime "10:37:59 PST"]
[Termination "Vandros57 won on time"]

1. d4 e6 2. c4 Nf6 3. Nf3 d5 4. Nc3 Bb4 5. Bg5 O-O 6. cxd5 exd5 7. e3 h6 8. Bh4 g5 9. Bg3 Ne4 10. Rc1 c5 11. Bd3 c4 12. Bxe4 dxe4 13. Nd2 f5 14. h4 f4 15. Bh2 fxe3 16. fxe3 Nc6 17. Nxc4 Qf6 18. Qe2 Be6 19. Ne5 Qg7 20. hxg5 hxg5 21. Nxc6 bxc6 22. Be5 Qg6 23. a3 Bxc3+ 24. Rxc3 Kf7 25.
Rxc6 Rac8 26. Rxc8 Rxc8 27. Kd2 1-0

[Event "*** Titled Tuesday Blitz"]
[Site "Chess.com"]
[Date "2020.12.01"]
[Round "4"]
[White "NMZanette"]
[Black "akanga001"]
[Result "1-0"]
[WhiteElo "2246"]
[BlackElo "1941"]
[TimeControl "180+1"]
[EndTime "10:38:00 PST"]
[Termination "NMZanette won on time"]

1. e4 d6 2. d4 Nf6 3. Nc3 c6 4. a4 Qa5 5. Bd3 e5 6. dxe5 dxe5 7. Nf3 Bg4 8. h3 Bxf3 9. Qxf3 Nbd7 10. Bd2 Qc7 11. O-O O-O-O 12. Rfb1 Bb4 13. a5 a6 14. Ra4 Qd6 15. Be3 h6 16. Ne2 Bc5 17. b4 Bd4 18. Bc4 Rhf8 19. Rd1 c5 20. b5 axb5 21. Bxb5 Kc7 22. c3 Ra8 23. cxd4 cxd4 24. Rc1+ Kb8 25. Bd2 Nc5 26. Bb4 Nfd7 27. Bxd7 1-0

[Event "*** Titled Tuesday Blitz"]
[Site "Chess.com"]
[Date "2020.12.01"]
[Round "4"]
[White "CoachHakia"]
[Black "DanilNajdin"]
[Result "0-1"]
[WhiteElo "2146"]
[BlackElo "2368"]
[TimeControl "180+1"]
[EndTime "10:38:02 PST"]
[Termination "DanilNajdin won by resignation"]

1. e4 Nf6 2. Nc3 d5 3. exd5 Nxd5 4. Bc4 c6 5. d3 Bf5 6. Nxd5 cxd5 7. Bb5+ Bd7 8.
Bxd7+ Qxd7 9. Nf3 Nc6 10. O-O e6 11. c3 Bd6 12. Re1 O-O 13. d4 b5 14. Qd3 Ne7 15. Ng5 Ng6 16. h4 Rfc8 17. h5 Nf8 18. Re3 b4 19. Rh3 Rab8 20. h6 g6 21. Nf3 Qc7 22. Bd2 bxc3 23. bxc3 Rb2 24. Re1 Rxa2 25. Ne5 a5 26. Qf3 Bxe5 27. Rxe5 Nd7 28. Bg5 Ra1+ 29. Kh2 Nxe5 30. dxe5 Qxe5+ 31. g3 Qe4 0-1

[Event "*** Titled Tuesday Blitz"]
[Site "Chess.com"]
[Date "2020.12.01"]
[Round "4"]
[White "TimurGareyev"]
[Black "MartinMatthiesen"]
[Result "1-0"]
[WhiteElo "2616"]
[BlackElo "2396"]
[TimeControl "180+1"]
[EndTime "10:38:03 PST"]
[Termination "TimurGareyev won on time"]

1. a4 e5 2. Na3 d5 3. c3 Nf6 4.
d3 c6 5. Nf3 Bd6 6. e4 O-O 7.
Bg5 h6 8. Bxf6 Qxf6 9. Nc2 Re8 10. Ne3 dxe4 11. dxe4 Bc5 12. Qe2 b6 13. h3 Ba6 14.
Nc4 Nd7 15. b4 Bf8 16. Qc2 Bxc4 17. Bxc4 a5 18. b5 Rac8 19. bxc6 Rxc6 20. Bb5 Rc7 21. O-O-O Re7 22. Rd5 Nc5 23. Rhd1 Qf4+ 24. Kb2 Nxe4 25. Rd8 g6 26. c4 Nc5 27. Rb8 e4 28. Qc3 f6 29.
Rdd8 Rf7 30. Qd4 g5 31. Nd2 Nd3+ 32. Kc3 Qe5 33. Be8 Qxd4+ 34. Kxd4 Rfe7 35. Bg6 Red7+ 36. Ke3 Rxd8 37. Rxd8 Kg7 38. Bxe4 Nc5 39. Bc2 Be7 40. Rd5 Nb7 41. Bd3 Bc5+ 42. Kf3 Nd6 43. Nb3 Bb4 44.
Nd4 1-0

[Event "*** Titled Tuesday Blitz"]
[Site "Chess.com"]
[Date "2020.12.01"]
[Round "4"]
[White "Michaelson_11"]
[Black "renehp"]
[Result "1-0"]
[WhiteElo "2178"]
[BlackElo "2434"]
[TimeControl "180+1"]
[EndTime "10:38:03 PST"]
[Termination "Michaelson_11 won by resignation"]

1. e4 d5 2. exd5 Nf6 3. Nf3 Bg4 4. d4 Qxd5 5. Be2 Nc6 6. Nc3 Qh5 7. O-O O-O-O 8. h3 e5 9. hxg4 Nxg4 10. Nh4 f5 11. f3 Qxh4 12. fxg4 exd4 13. Na4 d3 14. Bxd3 Rd4 15.
Bxf5+ Kb8 16. Qf3 Rxa4 17. b3 Rb4 18. g3 Qf6 19. Ba3 Rb5 20. c4 Re5 21. Bb2 Bc5+ 22. Kg2 Rf8 23. Bxe5 Nxe5 24. Qd5 Qe7 25. Rae1 Bd6 26.
c5 1-0

[Event "*** Titled Tuesday Blitz"]
[Site "Chess.com"]
[Date "2020.12.01"]
[Round "4"]
[White "nitpicker"]
[Black "HajduIstvanCM"]
[Result "1-0"]
[WhiteElo "2262"]
[BlackElo "1759"]
[TimeControl "180+1"]
[EndTime "10:38:03 PST"]
[Termination "nitpicker won on time"]

1. d4 d5 2. c4 c6 3. Nf3 Nf6 4. Qb3 e6 5. Nc3 Qb6 6. g3 Nbd7 7. Bg2 Qxb3 8. axb3 Bd6 9. O-O a6 10. Nd2 O-O 11.
f4 Ng4 12. Nf3 f5 13. c5 Bc7 14. b4 Ngf6 15. b5 Ne4 16. b6 Bd8 17. Nxe4 dxe4 18. Nd2 Nf6 19. Nc4 Nd5 20. Bd2 Be7 21. b4 Rd8 22. e3 Bd7 23. Ra2 Be8 24. Na5 Rd7 25. Rb1 Bf7 26. Bf1 h6 27. Nxb7 Rxb7 28. Rxa6 Rxa6 29.
Bxa6 Rb8 30. b5 Be8 31. b7 Nc7 32. Ba5 Nxb5 33. Bb6 Bd8 34. Bxd8 1-0

[Event "*** Titled Tuesday Blitz"]
[Site "Chess.com"]
[Date "2020.12.01"]
[Round "4"]
[White "BilodeauA"]
[Black "machinegun1"]
[Result "1-0"]
[WhiteElo "2838"]
[BlackElo "2530"]
[TimeControl "180+1"]
[EndTime "10:38:04 PST"]
[Termination "BilodeauA won by resignation"]

1. d4 Nf6 2. Nc3 e6 3. Bf4 Bb4 4. e3 c5 5. Ne2 Nd5 6. a3 Bxc3+ 7. Nxc3 Nxf4 8. exf4 cxd4 9. Qxd4 O-O 10. Qd6 b6 11. O-O-O Bb7 12. Bd3 Bxg2 13. Rhg1 Bc6 14. Qe5 g6 15. f5 exf5 16. Bxf5 Re8 17. Qd4 Na6 18. h4 Qe7 19. h5 Qe5 20. hxg6 hxg6 21. Qg4 Qf6 22. Ne4 Bxe4 23. Bxe4 Rac8 24. Bb7 Nc5 25.
Bxc8 Rxc8 26. Kb1 Rc7 27. f4 Na4 28. c3 Nxc3+ 29. bxc3 Rxc3 30. Qe2 Rxa3 31. Qe8+ Kg7 32. Qe5 Qxe5 33. fxe5 Re3 34. Rxd7 Rxe5 35. Rf1 g5 36. Rdxf7+ Kg6 37. Rxa7 g4 38. Kc2 g3 39. Rg1 Re3 40. Kd2 Rb3 41. Ke2 Kf5 42. Rg7 Kf4 43. Rf1+ Ke4 44.
Rg4+ Ke5 45. Rf3 Rb2+ 46. Kf1 Rb1+ 47. Kg2 1-0

[Event "*** Titled Tuesday Blitz"]
[Site "Chess.com"]
[Date "2020.12.01"]
[Round "4"]
[White "Adham_Fawzy"]
[Black "2nd_life"]
[Result "0-1"]
[WhiteElo "2820"]
[BlackElo "2543"]
[TimeControl "180+1"]
[EndTime "10:38:06 PST"]
[Termination "2nd_life won by resignation"]

1. e4 e5 2. Nf3 Nc6 3. Bb5 a6 4. Bxc6 dxc6 5. O-O f6 6. d4 exd4 7. Nxd4 c5 8. Nb3 Qxd1 9. Rxd1 Bg4 10. f3 Bd7 11. Bf4 O-O-O 12. Nc3 c4 13. Na5 Bc5+ 14. Kf1 b5 15. Nd5 Ne7 16. a4 Nxd5 17. exd5 bxa4 18. Nc6 Bxc6 19. dxc6 Rxd1+ 20. Rxd1 Rd8 21. Ra1 c3 22. b4 Bxb4 23. Rxa4 a5 24. Ra1 Rd4 25. Bg3 Rc4 26. Re1 Rxc6 27. Re8+ Kb7 28. Rg8 a4 29. Re8 Bd6 30. Bf2 Be5 31. Rd8 Rd6 32. Rxd6 cxd6 33.
f4 Bxf4 34. Bd4 Bd2 35. Bc5 dxc5 36. Ke2 0-1

[Event "*** Titled Tuesday Blitz"]
[Site "Chess.com"]
[Date "2020.12.01"]
[Round "4"]
[White "Sanyura"]
[Black "Rainmond"]
[Result "0-1"]
[WhiteElo "2513"]
[BlackElo "2794"]
[TimeControl "180+1"]
[EndTime "10:38:06 PST"]
[Termination "Rainmond won by checkmate"]

1. e4 c5 2. Nf3 b6 3. c4 Bb7 4. Nc3 e6 5. d4 cxd4 6. Nxd4 a6 7.
Be3 d6 8. Qa4+ Nd7 9. Be2 Nf6 10.
f3 Be7 11. O-O Rc8 12. Rfd1 O-O 13. Rac1 Qc7 14. b4 Qb8 15. Qb3 Bd8 16. Kh1 Re8 17.
Bg1 Bc7 18. a4 h6 19. Nc2 Ne5 20. Rb1 Qa8 21. c5 d5 22. cxb6 dxe4 23. f4 e3 24. Nxe3 Neg4 25. bxc7 Nxe3 26. Bxe3 Bxg2+ 27. Kg1 Rxc7 28.
Rbc1 Bf3 29. Kf2 Ng4+ 30. Kg3 Rxc3 31. Qxc3 Bxe2 32. Rd7 Qf3+ 33. Kh4 Nxe3 34. Rg1 Nf5# 0-1

[Event "*** Titled Tuesday Blitz"]
[Site "Chess.com"]
[Date "2020.12.01"]
[Round "4"]
[White "szabadaba"]
[Black "HackingKid98"]
[Result "1-0"]
[WhiteElo "2659"]
[BlackElo "2335"]
[TimeControl "180+1"]
[EndTime "10:38:06 PST"]
[Termination "szabadaba won by resignation"]

1. e4 c6 2. d4 d5 3. Nc3 dxe4 4.
Nxe4 Bf5 5. Ng3 Bg6 6. h4 h6 7.
Nf3 Nd7 8. h5 Bh7 9. Bd3 Bxd3 10. Qxd3 e6 11. Bd2 Ngf6 12. O-O-O Qb6 13. Kb1 Be7 14.
Nf1 Rd8 15. Ne3 O-O 16. c4 e5 17. Nf5 Rfe8 18. Nxe7+ Rxe7 19. dxe5 Nxe5 20. Qf5 Nxf3 21. Qxf3 Red7 22. Be3 Qb4 23. Rxd7 Rxd7 24. Rc1 Qe7 25. g4 Qe4+ 26. Qxe4 Nxe4 27. Kc2 b6 28. f3 Ng5 29.
Rf1 Ne6 30. Kc3 c5 31. Rf2 Nd4 32. Rd2 f5 33. Bxd4 cxd4+ 34. Rxd4 Rf7 35. Rf4 fxg4 36. Rxf7 Kxf7 37. fxg4 g6 38. b4 gxh5 39. gxh5 Kf6 40. Kd4 Kg5 41. c5 bxc5+ 42. bxc5 Kf6 43. Kd5 Ke7 44.
Kc6 Kd8 45. Kb7 1-0